 Dungeon Crawl Stone Soup version 0.26.1-2-gb8aa6d0cf2 (webtiles) character file.

Game seed: 17543606428325018764

60 SableScales the Magician (level 3, 0/29 HPs)
             Began as a Draconian Hedge Wizard on Mar 19, 2021.
             Succumbed to a scorpion's poison
             ... on level 3 of the Dungeon.
             The game lasted 00:10:26 (2755 turns).

SableScales the Magician (Draconian Hedge Wizard)   Turns: 2755, Time: 00:10:27

Health: 0/29       AC:  6    Str: 12    XL:     3   Next: 80%
Magic:  2/7        EV: 12    Int: 14    God:
Gold:   144        SH:  0    Dex: 11    Spells: 7/8 levels left

rFire    . . .     SeeInvis .   f - +0 whip
rCold    . . .     Faith    .   (no shield)
rNeg     . . .     Spirit   .   (armour unavailable)
rPois    .         Reflect  .   b - +0 hat
rElec    .         Harm     .   l - +0 cloak
rCorr    .         Rampage  .   (no gloves)
Will     .....                  (no boots)
Stlth    ++........             (no amulet)
HPRegen  0.09/turn              d - ring of wizardry
MPRegen  0.10/turn              (no ring)

@: lethally poisoned (0 -> -8)
A: unfitting armour, cold-blooded, AC +5
a: no special abilities


You were on level 3 of the Dungeon.
You visited 1 branch of the dungeon, and saw 3 of its levels.

You collected 144 gold pieces.

Inventory:

Hand Weapons
 a - a +0 dagger
 f - a +0 whip (weapon)
Missiles
 e - 7 javelins
 v - 10 poisoned darts
Armour
 b - a +0 hat (worn)
 l - a +0 cloak (worn)
Jewellery
 d - a ring of wizardry (left hand)
 u - an uncursed ring of resist corrosion {unknown}
Scrolls
 c - 4 scrolls of identify {unknown}
 g - a scroll of blinking {unknown}
 h - a scroll of fear {unknown}
 i - a scroll of teleportation {unknown}
 j - 2 scrolls of fog {unknown}
 p - 2 scrolls of remove curse {unknown}
 r - a scroll of enchant weapon {unknown}
 s - a scroll of immolation {unknown}
 x - a scroll of enchant armour {unknown}
Potions
 k - a potion of flight {unknown}
 m - 3 potions of curing {unknown}
 n - a potion of might {unknown}
 o - 2 potions of haste {unknown}
 q - 2 potions of attraction {unknown}
 t - 2 potions of berserk rage {unknown}
 w - a potion of ambrosia {unknown}


   Skills:
 + Level 1.9 Fighting
 + Level 2.4 Dodging
 + Level 2.7 Stealth
 - Level 3.0 Spellcasting
 - Level 1.2 Conjurations
 - Level 1.0 Summonings
 - Level 1.2 Translocations


You had 7 spell levels left.
You knew the following spells:

 Your Spells              Type           Power        Failure   Level
a - Magic Dart            Conj           20%          5%          1

Your spell library contained the following spells:

 Spells                   Type           Power        Failure   Level
 Blink                    Tloc           N/A          9%          2
 Call Imp                 Summ           4%           9%          2
 Slow                     Hex            2%           13%         2
 Conjure Flame            Conj/Fire      3%           21%         3
 Mephitic Cloud           Conj/Pois/Air  3%           22%         3


Dungeon Overview and Level Annotations

Branches:
Dungeon (3/15)

Altars:
Gozag
Hepliaklqana
Trog


Innate Abilities, Weirdness & Mutations

Your plain brown scales are hard. (AC +5)
You cannot fit into any form of body armour.
You are cold-blooded and may be slowed by cold attacks.


Message History

The scorpion poisons you!
* * * LOW HITPOINT WARNING * * *
You feel sick.
* * * LOW HITPOINT WARNING * * *
You feel sick.
You hit the scorpion but do no damage.
The scorpion is severely wounded.
* * * LOW HITPOINT WARNING * * *
You feel sick. The scorpion closely misses you.
You hit the scorpion but do no damage.
The scorpion is severely wounded.
* * * LOW HITPOINT WARNING * * *
You feel sick.
The scorpion stings you but does no damage.
You hit the scorpion.
The scorpion is severely wounded.
* * * LOW HITPOINT WARNING * * *
You feel sick. The scorpion stings you.
* * * LOW HITPOINT WARNING * * *
You die...

#..<... #..... .....8.
#.#..# ....8>8 #.#..#
.....8. #.#<.# .......
######.#..# .......
##.........######### ....#
####..................##...#
......###†##....@.s......#
#####.# ##.##..######.##†..#
# #.# ##.#.## #.###.##
#####.# ##..# #.....#
......# ##.#######.###.#
####### #.........# ....#
#########.# ###.# #.# # #.#


You could see a scorpion.

Vanquished Creatures
  An iguana (D:3)
  An adder (D:3)
  6 bats
  A giant cockroach (D:2)
  7 hobgoblins
  A kobold (D:1)
  6 frilled lizards
  5 rats
28 creatures vanquished.

Vanquished Creatures (others)
  An orc (D:3)
  3 plants
4 creatures vanquished.

Grand Total: 32 creatures vanquished

Notes
Turn   | Place    | Note
-------+----------+-------------------------------------------
     0 | D:1      | SableScales the Draconian Hedge Wizard began the quest for
                  | the Orb.
     0 | D:1      | Reached XP level 1. HP: 14/14 MP: 4/4
   483 | D:1      | You fall into a shaft and drop 1 floor!
   579 | D:2      | Reached XP level 2. HP: 16/22 MP: 1/6
  1717 | D:2      | Reached skill level 1 in Fighting
  2268 | D:3      | Found a faded altar of an unknown god.
  2292 | D:3      | Reached XP level 3. HP: 27/28 MP: 1/7
  2438 | D:3      | Found a hazy altar of Hepliaklqana.
  2440 | D:3      | Found a bloodstained altar of Trog.
  2441 | D:3      | Found an opulent altar of Gozag.
  2713 | D:3      | Noticed a scorpion
  2753 | D:3      | HP: 1/29 [scorpion (4)]
  2755 | D:3      | Succumbed to a scorpion's poison

Illustrated notes

Levels and vault maps discovered:
D:1:      tarquinn_simple_flora_water_e, layout_basic, minmay_misc_feat_rows,
          skrybe_limestone_x
D:2:      layout_loops_corners, serial_forest, infiniplex_forest_straight_4,
          infiniplex_forest_end_1, infiniplex_forest_clump_small,
          infiniplex_forest_corner_2, infiniplex_forest_end_2,
          infiniplex_forest_clump_double, minmay_statues_item
D:3:      layout_loops_ring, fiery_altar_vehumet,
          gammafunk_temple_overflow_forgotten,
          chequers_ecumenical_altar_simple_redux, st_stairs_14,
          corexii_hall_statues_s

Skill      XL: |  1  2 |
---------------+-------+-----
Stealth        | 2 |  2.7
Dodging        | 2 |  2.4
Fighting       | 1 |  1.9
Spellcasting   | |  3.0
Conjurations   | |  1.2
Summonings     | |  1.0
Translocations | |  1.2

Action                   || total
-------------------------++-------
Melee: Whip              ||    44
       Tailslap          ||     7
 Cast: Magic Dart        ||    56
 Stab: Sleeping          ||     1
Armor: Skin              ||    16
Dodge: Dodged            ||    20
